 Dungeon Crawl Stone Soup version 0.22-a0-799-g88f5e90 (webtiles) character file.

79 iamserjio the Firebug (level 4, -4/24 HPs)
             Began as a Tengu Fire Elementalist on July 21, 2018.
             Slain by Grinder (7 damage)
             ... on level 3 of the Dungeon.
             The game lasted 00:06:35 (730 turns).

iamserjio the Firebug (Tengu Fire Elementalist)      Turns: 730, Time: 00:06:36

Health: -4/24      AC:  3    Str: 13    XL:     4   Next: 37%
Magic:  6/8        EV: 12    Int: 17    God:
Gold:   76         SH:  0    Dex: 14    Spells: 3/7 levels left

rFire    . . .     SeeInvis +   k - +0 short sword
rCold    . . .     Gourm    .   (no shield)
rNeg     . . .     Faith    .   a - +1 robe
rPois    .         Spirit   .   (helmet restricted)
rElec    .         Reflect  .   (no cloak)
rCorr    .         Harm     .   (no gloves)
MR       .....                  (boots unavailable)
Stlth    +++.......             (no amulet)
HPRegen  0.08/turn              (no ring)
MPRegen  0.11/turn              (no ring)

@: mighty
A: beak, talons 3, camouflage 1, see invisible, sense surroundings 1
a: no special abilities


You were on level 3 of the Dungeon.
You were not hungry.

You visited 1 branch of the dungeon, and saw 3 of its levels.

You collected 76 gold pieces.

Inventory:

Hand Weapons
 b - a +0 dagger
 k - a +0 short sword (weapon)
Missiles
 i - 6 silver javelins (quivered)
 m - 9 poisoned needles
Armour
 a - a +1 robe (worn)
Scrolls
 d - a scroll of magic mapping
 j - a scroll of random uselessness
Potions
 f - a potion of mutation
 l - 2 potions of might
Comestibles
 c - 4 rations


   Skills:
 - Level 2.1 Dodging
 - Level 2.0 Stealth
 - Level 2.0 Spellcasting
 + Level 3.9 Conjurations
 + Level 4.5 Fire Magic


You had 3 spell levels left.
You knew the following spells:

 Your Spells              Type           Power        Failure   Level  Hunger
a - Flame Tongue          Conj/Fire      ###..        3%          1    #......
b - Conjure Flame         Conj/Fire      ###.....     10%         3    ###....

Your spell library contained the following spells:

 Spells                   Type           Power        Failure   Level  Hunger
 Fireball                 Conj/Fire      ###.......   67%         5    ######.
 Throw Flame              Conj/Fire      ###...       4%          2    ###....
 Sticky Flame             Conj/Fire      ###.....     32%         4    #####..
 Inner Flame              Hex/Fire       #.......     22%         3    ###....


Dungeon Overview and Level Annotations

Branches:
Dungeon (3/15)

Altars:

Annotations:
D:3 Grinder, Natasha


Innate Abilities, Weirdness & Mutations

You have a beak for a mouth.
You have claws for feet.
Your skin changes colour to match your surroundings (Stealth+).
You have supernaturally acute eyesight. (SInv)
You passively map a small area around you.


Message History

Press: ? - help, Shift-Dir - straight line, f/p - Grinder
Aim: Grinder The flame tongue misses Grinder.
You hit Grinder.
Grinder is lightly wounded.
Grinder hits you!
* * * LOW HITPOINT WARNING * * *
You writhe in agony.
* * * LOW HITPOINT WARNING * * *
Okay, then.
Okay, then.
You aren't carrying any items that you can evoke.
Unknown command.
You hit Grinder. You claw Grinder! You peck Grinder.
Grinder is severely wounded.
Grinder barely misses you.
You barely miss Grinder.
Grinder is heavily wounded.
Grinder hits you!
You die...

######## .......# *, * *
...###.#### *.# ...#
#.##.. .# ...# #.##.#* *
*.# ...# #.##.# .#
...###(##.###########.#
.......(#.............#
...)......(.....@5....#
###.....############.####
........................#
###......#########...####
# ####.#.# ,,........ #
#.#.# *####.#5#* # #.#.#
...#.# #.#.# #####.#
#.#.# #.#


You could see Grinder.

Vanquished Creatures
  3 adders (D:2)
  A worm (D:2)
  A leopard gecko (D:1)
  A ball python (D:2)
  6 bats
  A giant cockroach (D:3)
  4 goblins (D:1)
  10 hobgoblins
  2 jackals (D:1)
  7 kobolds
  3 frilled lizards (D:1)
  4 rats
43 creatures vanquished.

Notes
Turn   | Place    | Note
-------+----------+-------------------------------------------
     0 | D:1      | iamserjio the Tengu Fire Elementalist began the quest for the Orb.
     0 | D:1      | Reached XP level 1. HP: 10/10 MP: 4/4
    60 | D:1      | Reached XP level 2. HP: 4/15 MP: 3/6
   179 | D:1      | Reached XP level 3. HP: 10/19 MP: 0/7
   195 | D:1      | Reached skill level 4 in Fire Magic
   346 | D:2      | Learned a level 3 spell: Conjure Flame
   441 | D:2      | Reached XP level 4. HP: 17/24 MP: 3/8
   642 | D:3      | Noticed Natasha
   710 | D:3      | Noticed Grinder
   722 | D:3      | Gained mutation: You have supernaturally acute eyesight. (SInv) [potion of mutation]
   722 | D:3      | Gained mutation: Your skin changes colour to match your surroundings (Stealth+). [potion of mutation]
   722 | D:3      | Gained mutation: You passively map a small area around you. [potion of mutation]
   730 | D:3      | Slain by Grinder

Vault maps used:
D:1:      lightli_arrival_lavapool, skrybe_limestone_x, minmay_tromino_v4_b
D:2:      yredelemnul_forgotten_temple_becter, overflow_temple_1_default,
          first_ration
D:3:      uniq_grinder, uniq_natasha

Skill      XL: |  1  2  3 |
---------------+----------+-----
Conjurations   | 2 3 |  3.9
Fire Magic     | 4 |  4.5
Dodging        | |  2.1
Stealth        | |  2.0
Spellcasting   | |  2.0

Action                   |  1- 3 |  4- 6 || total
-------------------------+-------+-------++-------
Melee: Unarmed           |     7 |       ||     7
       Dagger            |    28 |       ||    28
       Kick              |    10 |     3 ||    13
       Peck              |     1 |     1 ||     2
       Short sword       |     3 |     8 ||    11
Throw: Javelin           |     4 |       ||     4
 Cast: Flame Tongue      |    36 |    15 ||    51
  Use: Potion            |     2 |     2 ||     4
       Scroll            |       |     5 ||     5
 Stab: Sleeping          |       |     1 ||     1
Armor: Robe              |     6 |     1 ||     7
Dodge: Dodged            |    33 |     8 ||    41

Table legend:
 A = Spawn XP
 B = Non-spawn XP
 C = Spawn XP percentage of total XP
 D = Spawn monster count
 E = Non-spawn monster count
 F = Spawn count percentage of total count
 G = Total turns spent on level
                    A         B        C        D         E        F      G
               +---------+---------+-------+---------+---------+-------+---------
         Total |       0 |     113 |   0.0 |       0 |      43 |   0.0 |   730
               +---------+---------+-------+---------+---------+-------+---------
           D:1 |       0 |      50 |   0.0 |       0 |      28 |   0.0 |   300
           D:2 |       0 |      60 |   0.0 |       0 |      13 |   0.0 |   241
           D:3 |       0 |       3 |   0.0 |       0 |       2 |   0.0 |   189
               +---------+---------+-------+---------+---------+-------+---------
